AoeStats
← Mycorrhizal

Arena

510130521Analyzed
4v4 RM · 3d ago on Sep 29, 2026· 54m 21s· 8 players
Game mode
Random Map
Map size
Large (8 player)
Population
200
Speed
Normal
Resources
Standard
Victory
Conquest
Starting age
Dark Age
Ending age
Imperial Age
RankedLock teamsTeams togetherTeam positionsShared explorationLock speedFull tech treeHidden civsTurbo modeCheats
Victory
Defeat
🇳🇱 Goths · Netherlands
1561
+12
🇳🇱 Saracens · Netherlands
1494
+14
🇹🇷 Franks · Türkiye
1483
+15
🇮🇹 Koreans · Italy
1479
+14
🇦🇷 Bengalis · Argentina
1485
-15
🇨🇦 Dravidians · Canada
1470
-14
🇵🇪 Khitans · Peru
1465
-14
🇺🇸 Persians · United States
1422
-12
Nogard
9:52 Feudal Age
13:41 Castle Age
12:51 Double-Bit Axe
12:47 Horse Collar
18:18 Fervor
20:24 Bow Saw
21:14 Wheelbarrow
20:24 Loom
23:18 Gold Mining
23:18 Stone Mining
25:26 Heavy Plow
27:02 Hand Cart
28:17 Gold Shaft Mining
28:17 Stone Shaft Mining
27:29 Town Watch
31:36 Imperial Age
29:24 Fletching
30:03 Ballistics
29:55 Masonry
29:40 Murder Holes
29:26 Treadmill Crane
30:02 Town Patrol
30:19 Bodkin Arrow
32:07 Scale Barding Armor
32:13 Forging
32:19 Bracer
33:20 Chemistry
32:00 Crossbowman
32:45 Thumb Ring
33:09 Conscription
32:43 Arrowslits
32:39 Arbalester
35:19 Two-Man Saw
35:47 Architecture
35:23 Siege Engineers
35:23 Eupseong
39:16 Fortified Wall
39:52 Heavy Rocket Cart
45:11 Shinkichon
50:47 Iron Casting
50:12 Scale Mail Armor
imenek
10:20 Feudal Age
14:11 Castle Age
12:29 Double-Bit Axe
15:12 Bow Saw
22:05 Wheelbarrow
22:24 Loom
22:43 Gold Mining
22:44 Stone Mining
24:19 Hand Cart
23:51 Town Watch
25:37 Pikeman
26:42 Squires
26:27 Gambesons
26:43 Scale Mail Armor
26:53 Forging
29:36 Imperial Age
28:00 Chain Mail Armor
27:56 Forging
28:53 Arson
29:59 Gold Shaft Mining
29:43 Halberdier
30:53 Plate Mail Armor
31:21 Iron Casting
32:02 Fortified Wall
34:12 Blast Furnace
34:42 Caravan
35:37 Conscription
35:57 Elite Throwing Axeman
38:32 Chemistry
37:52 Ballistics
37:38 Siege Engineers
37:52 Heavy Mounted Crossbowman
37:52 Cranequins
38:24 Fletching
38:35 Padded Archer Armor
38:30 Cavalier
39:06 Bodkin Arrow
40:01 Husbandry
40:00 Paladin
40:03 Light Cavalry
AttachedPoet380
10:30 Feudal Age
14:35 Castle Age
12:50 Double-Bit Axe
12:54 Horse Collar
16:03 Bow Saw
17:02 Heavy Plow
22:11 Loom
23:05 Wheelbarrow
24:12 Gold Mining
28:14 Imperial Age
25:55 Stone Mining
26:53 Hand Cart
27:11 Town Watch
27:28 Scale Mail Armor
27:38 Forging
28:05 Stone Shaft Mining
28:52 Anarchy
28:20 Elite Huskarl
29:25 Conscription
29:38 Chain Mail Armor
29:59 Iron Casting
29:35 Squires
30:22 Pikeman
30:52 Halberdier
36:34 Blast Furnace
38:03 Two-Man Saw
38:22 Coinage
38:59 Man-at-Arms
40:14 Long Swordsman
44:28 Perfusion
46:04 Chemistry
47:01 Two-Handed Swordsman
47:50 Champion
53:28 Guilds
VesperalCamp546
10:21 Feudal Age
14:49 Castle Age
13:16 Double-Bit Axe
13:15 Horse Collar
15:57 Bow Saw
25:41 Heavy Plow
27:35 Fletching
27:45 Padded Archer Armor
28:13 Gold Mining
28:41 Bodkin Arrow
29:17 Thumb Ring
29:23 Loom
30:15 Wheelbarrow
30:11 Leather Archer Armor
32:24 Forging
35:05 Imperial Age
32:53 Hand Cart
34:12 Scale Barding Armor
35:40 Iron Casting
35:35 Stone Mining
36:21 Gold Shaft Mining
36:26 Parthian Tactics
36:03 Bracer
36:55 Ring Archer Armor
36:25 Elite Mameluke
37:43 Heavy Cavalry Archer
39:32 Chain Barding Armor
40:50 Caravan
41:59 Conscription
42:19 Plate Barding Armor
42:45 Blast Furnace
43:10 Chemistry
42:30 Ballistics
45:03 Capped Ram
46:14 Siege Ram
48:25 Light Cavalry
49:15 Bloodlines
49:08 Husbandry
50:46 Light Cavalry
51:41 Hussar
License to Boom
10:15 Feudal Age
13:47 Castle Age
12:59 Double-Bit Axe
12:56 Horse Collar
15:26 Loom
22:50 Bow Saw
23:03 Heavy Plow
24:02 Wheelbarrow
26:44 Bloodlines
26:38 Husbandry
29:46 Imperial Age
27:06 Pikeman
28:13 Scale Barding Armor
29:38 Forging
30:38 Chain Barding Armor
30:16 Heavy Camel Rider
32:49 Conscription
33:41 Plate Barding Armor
33:47 Heavy Scorpion
34:53 Ballistics
34:04 Light Cavalry
35:36 Iron Casting
36:36 Hussar
38:46 Chemistry
37:18 Elite Skirmisher
37:19 Crossbowman
38:05 Thumb Ring
37:52 Fletching
38:02 Padded Archer Armor
38:08 Kamandaran
41:30 Caravan
42:01 Coinage
47:28 Blast Furnace
48:14 Bodkin Arrow
48:34 Leather Archer Armor
50:32 Masonry
Mycorrhizal
9:57 Feudal Age
13:46 Castle Age
12:33 Double-Bit Axe
12:31 Horse Collar
14:49 Bow Saw
18:54 Heavy Plow
19:43 Gold Mining
20:26 Stone Mining
23:21 Wheelbarrow
28:09 Imperial Age
26:13 Hand Cart
25:45 Loom
26:44 Scale Mail Armor
26:49 Devotion
27:11 Forging
27:05 Town Watch
27:51 Chain Mail Armor
29:06 Iron Casting
28:43 Masonry
29:16 Elite Urumi Swordsman
30:51 Plate Mail Armor
30:39 Siege Elephant
32:52 Blast Furnace
33:03 Conscription
34:35 Two-Man Saw
33:34 Fletching
34:09 Ballistics
34:26 Wootz Steel
40:32 Bodkin Arrow
40:57 Gambesons
41:13 Squires
43:07 Chemistry
41:37 Onager
42:30 Elite Elephant Archer
43:13 Padded Archer Armor
43:51 Bracer
44:09 Leather Archer Armor
44:04 Thumb Ring
44:58 Medical Corps
46:25 Ring Archer Armor
52:49 Elite Skirmisher
53:29 Murder Holes
Pukaso
10:13 Feudal Age
13:01 Loom
15:59 Castle Age
14:13 Domestication
15:03 Stone Mining
15:20 Double-Bit Axe
18:05 Gold Mining
19:02 Pastoralism
21:48 Wheelbarrow
25:37 Imperial Age
23:45 Fletching
24:07 Bow Saw
25:25 Bodkin Arrow
26:40 Bracer
31:57 Parthian Tactics
32:27 Forging
33:17 Ballistics
33:22 Scale Mail Armor
33:58 Iron Casting
35:11 Chain Mail Armor
35:59 Hand Cart
36:21 Stone Shaft Mining
36:49 Squires
38:03 Plate Mail Armor
37:25 Elite Fire Lancer
39:44 Arson
40:46 Gambesons
45:18 Padded Archer Armor
47:12 Lamellar Armor
46:37 Man-at-Arms
49:07 Chemistry
47:33 Long Swordsman
48:14 Two-Handed Swordsman
49:08 Champion
50:46 Champion
Rhapcore
11:00 Feudal Age
15:36 Castle Age
13:38 Double-Bit Axe
13:42 Horse Collar
17:36 Wheelbarrow
17:15 Heavy Plow
17:28 Bow Saw
20:20 Gold Mining
23:44 Loom
24:47 Hand Cart
24:19 Town Watch
25:26 Gold Shaft Mining
24:43 Stone Mining
25:07 Town Patrol
27:00 Bloodlines
26:50 Husbandry
29:44 Imperial Age
28:23 Forging
28:18 Scale Barding Armor
30:19 Fortified Wall
31:06 Iron Casting
30:51 Chain Barding Armor
31:35 Chain Barding Armor
30:54 Elite Battle Elephant
32:01 Conscription
33:01 Paiks
33:59 Crop Rotation
34:35 Two-Man Saw
36:59 Ballistics
36:41 Padded Archer Armor
36:38 Fletching
37:12 Elite Ratha (Ranged)
39:12 Mahayana
40:01 Heavy Scorpion
45:49 Chemistry
44:54 Siege Engineers
44:47 Bodkin Arrow
45:41 Coinage
44:50 Light Cavalry
49:20 Blast Furnace
48:55 Plate Barding Armor
48:29 Siege Elephant
52:45 Elite Elephant Archer
Connection lost

Rejoining the realm…

Still unreachable

The connection could not be restored.

Session expired

The server has moved on; the page needs a fresh start.